 Dungeon Crawl Stone Soup version 0.30-b1-2-g02819fbbbe (webtiles) character file.

Game seed: 3426054543948924641

44 ketsa the Sneak (level 3, -6/21 HPs)
             Began as a Kobold Brigand on May 22, 2023.
             Mangled by a gnoll
             ... wielding a +0 spear
              (7 damage)
             ... on level 2 of the Dungeon.
             The game lasted 00:03:54 (1014 turns).

ketsa the Sneak (Kobold Brigand)                    Turns: 1014, Time: 00:03:54

Health: -6/21      AC:  3    Str:  8    XL:     3   Next: 87%
Magic:  3/3        EV: 14    Int: 12    God:
Gold:   34         SH:  0    Dex: 18    Spells: 2/2 levels left

rFire   . . .        l - +2 dagger (elec)
rCold   . . .        (no shield)
rNeg    . . .        b - +0 robe
rPois   .            (no helmet)
rElec   .            c - +0 cloak
rCorr   .            (no gloves)
SInv    .            (no boots)
Will    .....        (no amulet)
Stlth   ++++         (no ring)
HPRegen 0.23/turn    (no ring)
MPRegen 0.08/turn

%: no passive effects
@: no status effects
A: small, no large weapons, nightstalker 3
a: no special abilities


You were on level 2 of the Dungeon.
You visited 1 branch of the dungeon, and saw 2 of its levels.

You collected 64 gold pieces.
You spent 30 gold pieces at shops.

Inventory:

Hand Weapons
 a - a +2 dagger
 l - a +2 dagger of electrocution (weapon)
Missiles
 d - 15 poisoned darts (quivered)
 e - 3 curare-tipped darts
Armour
 b - a +0 robe (worn)
 c - a +0 cloak (worn)
 k - a +0 leather armour
Scrolls
 f - a scroll of immolation {unknown}
 g - 2 scrolls of identify {unknown}
 j - a scroll of acquirement {unknown}
Potions
 h - a potion of curing
 i - a potion of magic {unknown}
 m - a potion of degeneration {unknown}


   Skills:
 - Level 2.1 Fighting
 + Level 5.2 Short Blades
 - Level 2.1 Throwing
 - Level 1.2 Dodging
 - Level 5.3 Stealth


You had 2 spell levels left.
You didn't know any spells.
Your spell library contained the following spells:

 Spells                   Type           Power      Damage    Failure   Level
 Sublimation of Blood     Necr           0%         N/A       45%         2
 Wereblood                Tmut           0%         N/A       45%         2
 Summon Hydra             Summ           0%         N/A       100%        7


Dungeon Overview and Level Annotations

Branches:
Dungeon (2/15) Zot: 10995

Altars:
Wu Jian

Shops:
D:1 =(![


Innate Abilities, Weirdness & Mutations

You are small and have problems with some larger weapons.
You are completely attuned to the shadows.


Message History

You see here a frilled lizard corpse.
A quokka comes into view.
An adder and 2 gnolls come into view.
Found a stone.
A gnoll comes into view. It is wielding a +0 spear.
The helpless quokka fails to defend itself.
You stick the quokka like a pincushion!!!
You kill the quokka!
The gnoll barely misses you.
The adder hisses angrily.
The gnoll shouts!
You hit the adder.
The adder is moderately wounded.
The gnoll shouts!
The adder misses you. The gnoll misses you. The gnoll completely misses you.
You miss the adder.
The adder is moderately wounded.
The adder barely misses you.
You hit the adder.
The adder is heavily wounded.
The adder bites you but does no damage. The gnoll misses you.
The gnoll hits you with a +0 spear.
You hit the adder but do no damage. Lightning courses through the adder!
You kill the adder!
The gnoll hits you with a +0 halberd. The gnoll closely misses you.
The gnoll barely misses you.
Your Short Blades skill increases to level 5!
You feel better. The gnoll closely misses you.
The gnoll hits you from afar with a +0 spear.
The gnoll closely misses you.
You hit the gnoll.
The gnoll is lightly wounded.
You hit the gnoll.
The gnoll is heavily wounded.
The gnoll hits you with a +0 halberd. The gnoll barely misses you.
The gnoll hits you with a +0 spear! The gnoll barely misses you.
The gnoll misses you.
The gnoll hits you from afar with a +0 spear!
* * * LOW HITPOINT WARNING * * *
The gnoll hits you from afar with a +0 spear!
You die...

#..# ..# ##.#
...#####.##
#...#.....#
#..#.##### ##..†.#
####....########
.........#.....##
###....(...@.g..##
#............g†.#
#..)........g...#
#...............#
#...........†...#
#...............#
........(##
.#.....##


You could see 3 gnolls.

Vanquished Creatures
  2 adders (D:2)
  A dart slug (D:1)
  2 ball pythons
  3 endoplasms (D:1)
  A giant cockroach (D:1)
  3 goblins
  A hobgoblin (D:1)
  4 kobolds
  A quokka (D:2)
  2 bats (D:1)
  4 frilled lizards
24 creatures vanquished.

Notes
Turn   | Place    | Note
-------+----------+-------------------------------------------
     0 | D:1      | ketsa the Kobold Brigand began the quest for the Orb.
     0 | D:1      | Reached XP level 1. HP: 12/12 MP: 1/1
   116 | D:1      | Found Ephigac's Armour Emporium.
   413 | D:1      | Reached XP level 2. HP: 17/17 MP: 2/2
   448 | D:1      | Found Entutull's Antique Weapon Boutique.
   590 | D:1      | Found Xiciheor's Distillery.
   606 | D:1      | Bought a potion of curing for 30 gold pieces
   707 | D:1      | Found Vuabral's Jewellery Shoppe.
   755 | D:1      | Reached XP level 3. HP: 21/21 MP: 3/3
   914 | D:2      | Found an ornate altar of the Wu Jian Council.
  1009 | D:2      | Reached skill level 5 in Short Blades
  1013 | D:2      | HP: 1/21 [gnoll/+0 spear (7)]
  1014 | D:2      | Mangled by a gnoll

Illustrated notes

Levels and vault maps discovered:
D:1:      beargit_arrival_diablo_church, layout_basic, serial_shops,
          nicolae_shop_advertising_works [nicolae_subvault_shop_adworks],
          nicolae_shop_real_fake_doors, nicolae_shop_rolling_square,
          nicolae_shop_pleasant_corner_grove
D:2:      layout_rooms, basic_altar, shapermc_ecumenical_altar_venn,
          uniq_jessica

Skill      XL: |  1  2  3 |
---------------+----------+-----
Short Blades   | 3 4 5 |  5.2
Fighting       | |  2.1
Throwing       | |  2.1
Dodging        | |  1.2
Stealth        | |  5.3

Action                     || total
---------------------------++-------
  Melee: Dagger            ||    50
    Use: Potion            ||     1
   Stab: Sleeping          ||    14
 Armour: Robe              ||     4
  Dodge: Dodged            ||    24
